 Dungeon Crawl Stone Soup version 0.28.0-45-g0d030f2227 (webtiles) character file.

Game seed: 1311396805362623335

151053 CryoSword the Earth Mage (level 17, -3/106 HPs)
             Began as a Gargoyle Earth Elementalist on Apr 14, 2022.
             Was a Priest of the Shining One.
             Slain by a pharaoh ant (20 damage)
             ... on level 1 of the Spider Nest on Apr 15, 2022.
             The game lasted 01:36:28 (43767 turns).

CryoSword the Earth Mage (GrEE)                    Turns: 43767, Time: 01:36:28

Health: -3/106     AC: 32    Str: 19 (23) XL:     17   Next: 55%
Magic:  36/36      EV: 26    Int: 16 (22) God:    the Shining One [***...]
Gold:   634        SH: 15    Dex:  8 (10) Spells: 3/29 levels left

rFire   + . .      SeeInvis .   T - +3 morningstar of the Hierophant {vorpal, rPois rF+ Str+9 Stlth-}
rCold   . . .      Faith    .   Z - +4 kite shield {reflect}
rNeg    + + +      Spirit   .   y - +4 troll leather armour
rPois   ∞          Reflect  +   k - +3 helmet "Putheca" {rN+ Will+}
rElec   +          Harm     .   f - scarf {repulsion}
rCorr   +          Rampage  .   j - +2 pair of gloves
Will    ++...                   W - +1 pair of boots "Lymmek" {rN++}
Stlth   ..........              N - amulet of Coid {Acrobat rN+ rCorr Stlth-}
HPRegen 1.07/turn               A - +4 ring of slaying
MPRegen 0.25/turn               O - ring of magical power

@: acrobatic, flying, glowing, repel missiles
A: sickness immunity, AC +12, big wings, negative energy resistance 1,
electricity resistance, torment resistance 1, petrification resistance
a: Renounce Religion, Divine Shield, Cleansing Flame


You were on level 1 of the Spider Nest.
You worshipped the Shining One.
The Shining One was most pleased with you.
You visited 5 branches of the dungeon, and saw 26 of its levels.
You visited 1 bazaar.
You also visited: Bailey and Gauntlet.

You collected 2886 gold pieces.
You spent 2235 gold pieces at shops.
You donated 17 gold pieces to Zin.

Inventory:

Hand Weapons
 T - the +3 morningstar of the Hierophant (weapon) {vorpal, rPois rF+ Str+9 Stlth-}
   (You bought it in a shop on level 13 of the Dungeon)

   It inflicts extra damage upon your enemies.
   Str:       It affects your strength (+9).
   rF:        It protects you from fire.
   rPois:     It protects you from poison.
   Stlth:     It makes you less stealthy.
Missiles
 c - 100 stones
 m - 2 datura-tipped darts
 v - a throwing net
 H - 4 curare-tipped darts
 L - 21 boomerangs
Armour
 f - a scarf of repulsion (worn)
   (You found it on level 1 of the Dungeon)
 j - a +2 pair of gloves (worn)
   (You found it on level 1 of the Dungeon)
 k - the +3 helmet "Putheca" (worn) {rN+ Will+}
   (You bought it in a shop in a bazaar)

   rN:        It protects you from negative energy.
   Will:      It increases your willpower.
 y - a +4 troll leather armour (worn)
   (You found it on level 11 of the Dungeon)
 W - the +1 pair of boots "Lymmek" (worn) {rN++}
   (You found it in a Gauntlet)

   rN:        It greatly protects you from negative energy.
 Z - a +4 kite shield of reflection (worn)
   (You found it in a Gauntlet)
Magical Staves
 n - a staff of earth
   (You found it on level 2 of the Spider Nest)
Jewellery
 d - a ring of protection from cold
   (You took it off a goblin on level 1 of the Dungeon)
 o - a ring of willpower
   (You found it on level 1 of the Spider Nest)
 p - the ring "Kara Jaa" {Fire Dex+4}
   (You found it on level 4 of the Dungeon)

   [ring of fire]

   It enhances your fire magic.
   Dex:       It affects your dexterity (+4).
   rF:        It protects you from fire.
   rC:        It makes you vulnerable to cold.
 A - a +4 ring of slaying (left hand)
   (You found it on level 6 of the Lair of Beasts)
 I - a ring of protection from cold
   (You found it on level 12 of the Dungeon)
 K - a ring of wizardry
   (You found it on level 1 of the Lair of Beasts)
 N - the amulet of Coid (around neck) {Acrobat rN+ rCorr Stlth-}
   (You found it in a Gauntlet)

   [amulet of the acrobat]

   It increases your evasion while moving and waiting.
   rN:        It protects you from negative energy.
   rCorr:     It protects you from acid and corrosion.
   Stlth:     It makes you less stealthy.
 O - a ring of magical power (right hand)
   (You found it on level 1 of the Lair of Beasts)
 R - a ring of fire
   (You found it on level 3 of the Lair of Beasts)
 X - a ring of willpower
   (You found it in a Gauntlet)
Wands
 b - a wand of iceblast (11)
   (You found it on level 1 of the Spider Nest)
 u - a wand of acid (7) (quivered)
   (You found it on level 5 of the Dungeon)
 M - a wand of digging (11)
   (You found it on level 1 of the Lair of Beasts)
Scrolls
 g - 3 scrolls of magic mapping
 i - 3 scrolls of fear
 l - 2 scrolls of silence
 r - 2 scrolls of holy word
 w - 11 scrolls of teleportation {@r4}
 x - 6 scrolls of identify {@r1}
 C - 4 scrolls of enchant weapon
 G - 6 scrolls of summoning
 J - 4 scrolls of fog
 V - a scroll of blinking
Potions
 a - 9 potions of curing {@q1}
 e - 3 potions of resistance
 h - 2 potions of lignification {!q}
 s - 4 potions of might
 t - 4 potions of haste {@q3}
 z - 4 potions of brilliance
 D - a potion of magic
 E - a potion of mutation {!q}
 P - 2 potions of ambrosia


   Skills:
 + Level 11.8 Fighting
 + Level 2.0 Maces & Flails
 + Level 7.3 Armour
 - Level 5.0 Dodging
 - Level 5.0 Stealth
 - Level 12.0 Shields
 + Level 6.7 Spellcasting
 * Level 15.7 Conjurations
 + Level 2.9 Summonings
 - Level 0.7 Transmutations
 * Level 17.8 Earth Magic
 - Level 14.6 Invocations


You had 3 spell levels left.
You knew the following spells:

 Your Spells              Type           Power      Damage    Failure   Level
a - Sandblast             Erth           100%       2d20      1%          1
b - Stone Arrow           Conj/Erth      100%       3d13      1%          3
c - Iron Shot             Conj/Erth      28%        9d6       4%          6
d - Iskenderun's Battles  Conj           54%        2d10      1%          5
e - Sticky Flame          Conj/Fire      30%        2d5       12%         4
C - Mephitic Cloud        Conj/Pois/Air  22%        N/A       11%         3
P - Passwall              Tmut/Erth      29%        N/A       1%          2
R - Searing Ray           Conj           100%       2d8       1%          2

Your spell library contained the following spells:

 Spells                   Type           Power      Damage    Failure   Level
 Magic Dart               Conj           100%       1d8       1%          1
 Static Discharge         Conj/Air       30%        N/A       1%          2
 Call Imp                 Summ           14%        N/A       14%         2
 Pain                     Necr           20%        1d5       30%         1
 Inner Flame              Hex/Fire       5%         N/A       65%         3
 Ozocubu's Armour         Ice            5%         N/A       65%         3
 Tukima's Dance           Hex            5%         N/A       65%         3
 Animate Armour           Summ/Erth      76%        N/A       4%          4
 Petrify                  Tmut/Erth      35%        N/A       7%          4
 Fulminant Prism          Conj/Hex       15%        3d11      12%         4
 Hailstorm                Conj/Ice       30%        3d8       12%         4
 Ice Form                 Ice/Tmut       6%         N/A       95%         4
 Cause Fear               Hex            2%         N/A       96%         4
 Dispel Undead            Necr           5%         3d7       96%         4
 Olgreb's Toxic Radiance  Pois           5%         N/A       96%         4
 Passage of Golubria      Tloc           5%         N/A       96%         4
 Blade Hands              Tmut           3%         N/A       99%         5
 Summon Forest            Summ/Tloc      5%         N/A       99%         5
 Summon Mana Viper        Hex/Summ       10%        N/A       99%         5
 Spellforged Servitor     Conj/Summ      17%        N/A       99%         7
 Agony                    Necr           5%         N/A       100%        5
 Excruciating Wounds      Necr           2%         N/A       100%        5
 Metabolic Englaciation   Hex/Ice        2%         N/A       100%        5
 Yara's Violent Unravell  Hex/Tmut       3%         3d4       100%        5
 Dispersal                Tloc           2%         N/A       100%        6
 Simulacrum               Ice/Necr       2%         N/A       100%        6
 Summon Cactus Giant      Summ           7%         N/A       100%        6
 Ozocubu's Refrigeration  Ice            2%         4d5       100%        7
 Discord                  Hex            2%         N/A       100%        8
 Disjunction              Tloc           2%         N/A       100%        8
 Ignition                 Fire           2%         3d3       100%        8
 Shatter                  Erth           29%        3d24*     100%        9


Dungeon Overview and Level Annotations

Branches:
Dungeon (15/15)            Temple (1/1) D:5            Lair (6/6) D:10
 Shoals (0/4) Lair:2       Spider (2/4) Lair:3        Slime (0/5) Lair:5
    Orc (2/2) D:11            Elf (0/3) Orc:2        Vaults (0/5) D:13
 Depths (0/4) D:15         Bailey (visited)         Gauntlet (visited)

Altars:
Ashenzari
Cheibriados
Dithmenos
Elyvilon
Fedhas
Gozag
Hepliaklqana
Kikubaaqudgha
Makhleb
Nemelex Xobeh
Okawaru
Qazlal
Ru
Sif Muna
Trog
Uskayaw
Vehumet
Wu Jian
Xom
Yredelemnul
Zin
The Shining One
Beogh

Shops:
D:13 (   Orc:2 :?!?

Annotations:
D:4 3 runed translucent doors, Cykl0x's ghost, novice GrEE; Tali's ghost, amateur DsBe; peterlawrence's ghost, amateur MiFi; spica's ghost, amateur GrEE
D:5 2 transporters, Elsvaer's ghost, amateur DEEE
D:7 3 runed translucent doors, ThaPlane's ghost, novice HOCA


Innate Abilities, Weirdness & Mutations

You are immune to sickness and miasma.
Your stone body is resilient. (AC +12)
You are immune to poison.
Your large and strong wings let you fly.
You resist negative energy. (rN+)
You are resistant to electric shocks. (rElec)
You are resistant to unholy torment.
You are immune to petrification.


Message History

You are too injured to fight recklessly!
You hit the wolf spider. You block the wolf spider's attack.
The wolf spider barely misses you. You block the redback's attack.
You block the wolf spider's attack.
The wolf spider bites you but does no damage.
The redback bites you but does no damage.
You barely miss the wolf spider. You block the redback's attack.
You block the wolf spider's attack.
The wolf spider bites you but does no damage.
You block the redback's attack.
The wolf spider hits you but does no damage.
The wolf spider bites you but does no damage.
You hit the wolf spider. You block the wolf spider's attack.
The wolf spider bites you but does no damage.
The redback bites you but does no damage.
The wolf spider hits you but does no damage.
You block the wolf spider's attack. The redback bites you.
The wolf spider hits you but does no damage.
The wolf spider completely misses you.
You impale the wolf spider!!
You kill the wolf spider!
You block the redback's attack. x2
The redback bites you but does no damage.
You block the redback's attack.
There is a stone staircase leading down here.
You see here a wolf spider corpse.
You puncture the redback! You block the redback's attack.
The redback bites you but does no damage.
You sock the redback!
You kill the redback!
You see here a redback corpse.
There is a stone staircase leading down here.
You see here a wolf spider corpse.
You start resting.
You start resting.
You fly downwards.
The broodmother hisses angrily.
You block the tarantella's attack.
The demonic crawler hits you but does no damage. x2
You block the demonic crawler's attack. The meliai hits you but does no damage.
You block the meliai's attack.
The wolf spider hits you but does no damage.
The wolf spider bites you but does no damage.
The demonic crawler closely misses you. The demonic crawler misses you.
The demonic crawler hits you.
There is a stone staircase leading up here.
You block the meliai's attack.
The meliai stings you but does no damage.
The tarantella touches you.
You are confused.
The pharaoh ant bites you!! The pharaoh ant barely misses you.
The wolf spider misses you.
The wolf spider bites you but does no damage.
The meliai hits you but does no damage.
The meliai stings you but does no damage.
The demonic crawler shrieks in warning!
The tarantella touches you but does no damage.
The pharaoh ant closely misses you. x2
The meliai mumbles some strange prayers to its god against you.
Something smites you!
You hear an angry hiss.
You hear an angry buzzing noise.
You fly upwards.
There is a stone staircase leading down here.
You see here a wolf spider corpse.
You're too confused to cast spells.
You feel better. The meliai barely misses you. The meliai stings you.
The wolf spider hits you! The wolf spider closely misses you.
The tarantella touches you but does no damage.
The pharaoh ant bites you. You block the demonic crawler's attack.
The demonic crawler hits you but does no damage.
The demonic crawler barely misses you. The meliai hits you but does no damage.
The meliai stings you but does no damage.
The pharaoh ant bites you but does no damage.
The wolf spider hits you. You block the wolf spider's attack.
Aim: a meliai, wielding a +0 war axe and wearing a +0 leather armour (haloed, 81% to hit)
The blast of sand hits the meliai!
c - 102 stones The meliai barely misses you.
You block the meliai's attack. You block the tarantella's attack.
The pharaoh ant bites you!
* * * LOW HITPOINT WARNING * * *
The demonic crawler barely misses you. The demonic crawler misses you.
The demonic crawler hits you but does no damage.
The pharaoh ant bites you but does no damage.
The wolf spider hits you but does no damage.
The wolf spider misses you. You block the meliai's attack.
The meliai barely misses you.
The tarantella touches you but does no damage.
The pharaoh ant bites you but does no damage.
The demonic crawler hits you but does no damage.
The demonic crawler barely misses you.
The demonic crawler hits you but does no damage.
Aim: a meliai, wielding a +0 war axe and wearing a +0 leather armour (severely wounded, haloed, 81% to hit)
The blast of sand hits the meliai!!
You kill the meliai!
The Shining One accepts your kill.
You feel better.
c - 101 stones The wolf spider closely misses you.
You block the wolf spider's attack. You block the pharaoh ant's attack.
The tarantella closely misses you. The pharaoh ant bites you!!
* * * LOW HITPOINT WARNING * * *
You block the wolf spider's attack.
The wolf spider bites you but does no damage.
You block the demonic crawler's attack. The demonic crawler barely misses you.
You block the demonic crawler's attack. The pharaoh ant closely misses you.
Aim: a tarantella (haloed, 81% to hit)
The blast of sand misses the tarantella.
c - 100 stones You block the tarantella's attack.
You block the pharaoh ant's attack. You block the wolf spider's attack.
The wolf spider bites you but does no damage.
The pharaoh ant bites you but does no damage.
The demonic crawler closely misses you.
The demonic crawler hits you but does no damage. x2
The tarantella touches you but does no damage.
The pharaoh ant completely misses you. x2; The tarantella barely misses you.
The pharaoh ant closely misses you. The wolf spider misses you.
The wolf spider bites you but does no damage.
You block the pharaoh ant's attack.
Items here: ) [ ††.
You puncture the wolf spider! You puncture the pharaoh ant!
You block the pharaoh ant's attack. The pharaoh ant misses you.
The pharaoh ant bites you!!
* * * LOW HITPOINT WARNING * * *
Here: a pharaoh ant (severely damaged, haloed)
Items here: ) [ ††.
The floor.
Aim: a tarantella (haloed, 81% to hit)
Okay, then.
Aim: a tarantella (haloed, 76% to hit)
Okay, then.
Aim: a pharaoh ant (severely damaged, haloed, 88% to hit)
The stone arrow hits the pharaoh ant.
The pharaoh ant bites you but does no damage.
The demonic crawler shrieks in warning!
The pharaoh ant bites you!!
* * * LOW HITPOINT WARNING * * *
The floor.
This square is lit by a halo.
Okay, then.
Okay, then.
You see here 3 scrolls of noise {!r}.
You block the pharaoh ant's attack.
The demonic crawler shrieks in warning!
The pharaoh ant barely misses you. You block the pharaoh ant's attack.
The demonic crawler shrieks in warning!
You block the pharaoh ant's attack. The pharaoh ant bites you!!
You die...

.###s#...# ..#..#.s##
##..#..#w####
..#.....#...#
#..^.###..#.#####
#.##.....#.#.##.##
#.....##.#...#.#.###
.#..###.#..#.....^.#
....#....#.#..##@..#
.#..#..##.^..#^.B.##
^...#..#.#.#..#.#s##
..###...#.#..##B..s#
..#...##.........#.###
#..#.#..#..###.###.#.###
^.#..#.#..#....#..^=...#
...#....^##.....s.#.#.##
##......#...#.#B.#....##


You could see a demonic crawler, a wolf spider and 2 pharaoh ants.

Vanquished Creatures
  Rupert (D:12)
  Gastronok (Lair:2)
  Frances (D:14)
  2 emperor scorpions
  2 orc warlords (Orc:1)
  2 ghost moths
  A broodmother (Spider:1)
  2 stone giants
  An entropy weaver (Spider:2)
  A minotaur (Gauntlet)
  Snorg (Lair:6)
  A fire dragon (D:14)
  Josephine (Lair:4)
  A great orb of eyes (Gauntlet)
  An ogre mage (D:15)
  4 boulder beetles
  11 hydras
  A radroach (Spider:2)
  8 two-headed ogres
  3 centaur warriors
  3 tengu warriors
  8 death yaks
  An orc high priest (Orc:2)
  2 pharaoh ants (Spider:1)
  A goliath frog (Lair:6)
  A death drake (Gauntlet)
  5 orb spiders
  3 steelbarb worms (Spider:1)
  2 phantasmal warriors
  A wizard (D:13)
  7 orc knights
  4 deep elf pyromancers
  An oklob plant (Lair:4)
  7 ugly things
  3 orc sorcerers
  8 wolf spiders
  3 moths of wrath (Spider:1)
  5 cyclopes
  2 manticores (D:13)
  13 elephants
  Joseph (D:7)
  2 torpor snails (Spider:1)
  4 gargoyles
  5 black mambas
  18 cane toads
  5 demonic crawlers
  A kobold demonologist (D:12)
  11 komodo dragons
  2 rime drakes
  A redback zombie (Gauntlet)
  An efreet (D:14)
  A freezing wraith (D:15)
  A tengu conjurer (D:13)
  7 meliai
  3 tyrant leeches (Lair:6)
  A polar bear (Lair:3)
  13 trolls
  2 hornets
  23 tarantellas
  19 slime creatures
  21 blink frogs
  Prince Ribbit (D:7)
  A dream sheep (shapeshifter) (D:13)
  A centaur simulacrum (D:14)
  2 shadows
  A yak (shapeshifter) (D:15)
  20 jumping spiders
  7 wraiths
  13 culicivoras
  9 wyverns
  50 yaks
  9 basilisks
  2 steam dragons
  9 vampire mosquitoes
  A redback simulacrum (D:15)
  10 wargs
  29 redbacks
  12 water moccasins
  4 acid dragons
  2 hell hounds (D:14)
  A spectral hornet (Gauntlet)
  Duvessa (D:4)
  A necrophage (D:4)
  37 orc warriors
  3 black bears
  2 sky beasts
  5 wolves
  4 ogres
  22 centaurs
  5 kobold brigands
  18 bullfrogs
  4 scorpions
  2 gnoll sergeants
  A water moccasin zombie (D:6)
  A wyvern zombie (D:9)
  Dowan (D:4)
  5 wights (D:8)
  4 howler monkeys
  An electric eel (Lair:6)
  5 jellies
  A bullfrog zombie (D:6)
  4 centaur zombies
  26 orc priests
  3 hounds
  A centaur skeleton (D:6)
  Crazy Yiuf (D:7)
  2 iguanas
  21 orc wizards
  12 hell rats
  3 hound skeletons (D:4)
  Robin (D:3)
  7 adders
  15 gnolls
  A shadow imp (D:5)
  2 white imps (D:6)
  2 ufetubi
  2 adder skeletons (D:4)
  A worm (D:3)
  A dart slug (D:3)
  116 orcs
  7 ball pythons
  4 bats
  8 endoplasms
  2 giant cockroaches
  18 goblins
  12 hobgoblins
  A jackal (D:2)
  3 quokkas
  3 frilled lizards
  21 kobolds
  9 rats
884 creatures vanquished.

Vanquished Creatures (others)
  An orc high priest (Orc:2)
  2 yaks (Lair:5)
  69 fungi
  125 plants
197 creatures vanquished.

Grand Total: 1081 creatures vanquished

Notes
Turn   | Place    | Note
-------+----------+-------------------------------------------
     0 | D:1      | CryoSword the Gargoyle Earth Elementalist began the quest
                  | for the Orb.
     0 | D:1      | Reached XP level 1. HP: 10/10 MP: 3/3
   411 | D:1      | Reached XP level 2. HP: 15/15 MP: 3/5
   472 | D:1      | Reached skill level 1 in Conjurations
   525 | D:1      | Reached skill level 4 in Earth Magic
   989 | D:1      | Reached XP level 3. HP: 20/20 MP: 4/6
  1690 | D:2      | Found a faded altar of an unknown god.
  2012 | D:2      | Reached XP level 4. HP: 20/24 MP: 3/7
  2109 | D:2      | Reached skill level 1 in Fighting
  2857 | D:3      | Noticed Robin
  3061 | D:3      | Identified the +4 short sword "Emoyngim" {drain, Int+3}
  3438 | D:3      | Identified the +8 dagger of Getiz {vorpal, Fragile Will+
                  | MP+9 Int+7}
  3451 | D:3      | Reached skill level 1 in Maces & Flails
  3537 | D:3      | Reached XP level 5. HP: 27/29 MP: 8/8
  3800 | D:3      | Killed Robin
  4157 | D:4      | Reached skill level 5 in Earth Magic
  4183 | D:4      | Noticed Dowan
  4265 | D:4      | Found a glowing silver altar of Zin.
  4269 | D:4      | Became a worshipper of Zin the Law-Giver
  4269 | D:4      | Reached * piety under Zin
  4294 | D:4      | Reached XP level 6. HP: 32/34 MP: 9/9
  4380 | D:4      | Noticed Duvessa
  4460 | D:4      | Killed Duvessa
  4469 | D:4      | Reached XP level 7. HP: 30/40 MP: 10/10
  4767 | D:4      | Identified the ring "Kara Jaa" {Fire Dex+4}
  4779 | D:4      | Killed Dowan
  4820 | D:4      | Reached skill level 6 in Earth Magic
  5007 | D:4      | Learned a level 3 spell: Stone Arrow
  5010 | D:4      | Learned a level 2 spell: Passwall
  5013 | D:4      | Learned a level 2 spell: Searing Ray
  5042 | D:4      | Found a runed translucent gate.
  5042 | D:4      | Found a runed translucent gate.
  5042 | D:4      | Found a runed translucent gate.
  5044 | D:4      | Noticed Tali's ghost (amateur DsBe)
  5044 | D:4      | Noticed spica's ghost (amateur GrEE)
  5045 | D:4      | Noticed peterlawrence's ghost (amateur MiFi)
  5046 | D:4      | Noticed Cykl0x's ghost (novice GrEE)
  5384 | D:5      | Entered Level 5 of the Dungeon
  5412 | D:5      | Reached XP level 8. HP: 40/45 MP: 12/12
  5664 | D:5      | Found a staircase to the Ecumenical Temple.
  5673 | Temple   | Entered the Ecumenical Temple
  5855 | Temple   | Fell from the grace of Zin
  5855 | Temple   | Became a worshipper of the Shining One
  5877 | D:5      | Reached skill level 5 in Conjurations
  6103 | D:5      | You fall into a shaft and drop 1 floor!
  6312 | D:6      | Reached skill level 7 in Earth Magic
  6471 | D:6      | Reached * piety under the Shining One
  6696 | D:5      | Found a transporter.
  6696 | D:5      | Noticed Elsvaer's ghost (amateur DEEE)
  6737 | D:5      | Found a transporter.
  7022 | D:5      | Reached skill level 5 in Stealth
  7537 | D:6      | Reached skill level 1 in Invocations
  7742 | D:6      | Reached skill level 8 in Earth Magic
  7742 | D:6      | Reached XP level 9. HP: 52/52 MP: 13/13
  8274 | D:7      | Reached ** piety under the Shining One
  8275 | D:7      | Noticed Joseph
  8560 | D:7      | Killed Joseph
  8898 | D:7      | Reached skill level 9 in Earth Magic
  9155 | D:7      | Found a runed translucent door.
  9156 | D:7      | Noticed Crazy Yiuf
  9283 | D:7      | Noticed Prince Ribbit
  9287 | D:7      | Killed Prince Ribbit
  9288 | D:7      | Reached skill level 5 in Fighting
  9471 | D:7      | Killed Crazy Yiuf
  9615 | D:7      | Noticed a hornet
  9619 | D:7      | Killed a hornet
  9620 | D:7      | Reached XP level 10. HP: 52/59 MP: 13/14
 10060 | D:7      | Found a runed translucent gate.
 10062 | D:7      | Found a runed translucent gate.
 10063 | D:7      | Found a runed translucent gate.
 10064 | D:7      | Noticed ThaPlane's ghost (novice HOCA)
 10066 | D:7      | Identified the +1 chain mail of the Eternal Void {rN+}
 10204 | D:8      | Reached skill level 10 in Earth Magic
 10401 | D:8      | Reached *** piety under the Shining One
 11194 | D:8      | Identified the +1 leather armour of Bitterness {rElec
                  | Int+2}
 11365 | D:8      | Found a white marble altar of Elyvilon.
 11371 | D:8      | Found an ornate altar of the Wu Jian Council.
 11376 | D:8      | Found an iron altar of Okawaru.
 11797 | D:9      | Reached skill level 1 in Shields
 11941 | D:8      | Fell from the grace of the Shining One
 11941 | D:8      | Became a worshipper of Elyvilon the Healer
 11941 | D:8      | Reached * piety under Elyvilon
 12125 | D:9      | Found a flagged portal.
 12135 | Bailey   | Entered a bailey
 12318 | Bailey   | Reached skill level 1 in Armour
 12395 | Bailey   | Reached XP level 11. HP: 64/64 MP: 19/19
 12452 | Bailey   | Noticed an orc knight
 12494 | Bailey   | Killed an orc knight
 12623 | Bailey   | Noticed an orc knight
 12754 | Bailey   | Reached XP level 12. HP: 44/70 MP: 20/20
 13374 | D:9      | Reached skill level 11 in Earth Magic
 13616 | D:9      | Reached ** piety under Elyvilon
 13839 | D:10     | Entered Level 10 of the Dungeon
 14422 | D:10     | Found a staircase to the Lair.
 14500 | D:10     | Identified the +1 leather armour of Mirth {Int+4}
 14759 | D:10     | Noticed a two-headed ogre
 14766 | D:10     | Killed a two-headed ogre
 14905 | D:10     | Reached *** piety under Elyvilon
 14935 | D:10     | Reached XP level 13. HP: 76/76 MP: 21/21
 15354 | D:11     | Reached skill level 10 in Shields
 15354 | D:11     | Reached skill level 10 in Conjurations
 15674 | D:11     | Found a staircase to the Orcish Mines.
 16146 | D:12     | Noticed a stone giant
 16146 | D:12     | Found the +10 dark maul {vorpal}
 16203 | Lair:1   | Entered Level 1 of the Lair of Beasts
 16249 | Lair:1   | Reached **** piety under Elyvilon
 16545 | Lair:1   | Reached skill level 12 in Earth Magic
 17792 | Lair:2   | Noticed Gastronok
 17803 | Lair:2   | Killed Gastronok
 17948 | Lair:2   | Found a staircase to the Shoals.
 18248 | Lair:3   | Reached ***** piety under Elyvilon
 18445 | Lair:3   | Found a hole to the Spider Nest.
 18794 | Lair:3   | HP: 2/78 [wolf spider (3)]
 18795 | Lair:3   | Elyvilon protects you from harm!
 19844 | Lair:4   | Reached skill level 13 in Earth Magic
 19887 | Lair:4   | Reached skill level 5 in Armour
 20052 | Lair:4   | Gained mutation: Your large and strong wings let you fly.
                  | [Gargoyle growth]
 20052 | Lair:4   | Reached XP level 14. HP: 84/84 MP: 21/23
 20420 | Lair:4   | Noticed Josephine
 20940 | Lair:4   | Killed Josephine
 21491 | Lair:4   | Found a blossoming altar of Fedhas.
 22855 | Lair:4   | Reached skill level 14 in Earth Magic
 23155 | Lair:5   | Found a staircase to the Slime Pits.
 23850 | Lair:6   | Entered Level 6 of the Lair of Beasts
 23852 | Lair:6   | Noticed Snorg
 23863 | Lair:6   | Killed Snorg
 24774 | Lair:6   | Reached XP level 15. HP: 33/90 MP: 16/24
 26604 | Lair:6   | Reached skill level 15 in Earth Magic
 27045 | Lair:6   | Learned a level 3 spell: Mephitic Cloud
 28234 | D:12     | Noticed Rupert
 28281 | D:12     | Killed Rupert
 28282 | D:12     | Reached skill level 10 in Fighting
 28303 | D:12     | Reached ****** piety under Elyvilon
 28714 | D:12     | Learned a level 6 spell: Iron Shot
 28736 | D:13     | Found an opulent altar of Gozag.
 29246 | D:13     | Reached skill level 5 in Spellcasting
 30051 | D:13     | Found a gate to the Vaults.
 30305 | D:13     | Found Issa's Antique Weapon Boutique.
 30311 | D:13     | Bought a crude morningstar for 198 gold pieces
 30311 | D:13     | Identified the +3 morningstar of the Hierophant {vorpal,
                  | rPois rF+ Str+9 Stlth-} (You bought it in a shop on level
                  | 13 of the Dungeon)
 30646 | D:14     | Found a gate leading to a gauntlet.
 30709 | D:14     | Reached skill level 5 in Dodging
 30919 | D:14     | Noticed Frances
 30938 | D:14     | Killed Frances
 30984 | D:14     | Reached XP level 16. HP: 91/98 MP: 14/26
 31152 | Gauntlet | Entered a Gauntlet
 31152 | Gauntlet | Found a transporter.
 31161 | Gauntlet | Found a transporter.
 31179 | Gauntlet | Found a transporter.
 31182 | Gauntlet | Found a transporter.
 31204 | Gauntlet | Found a transporter.
 31219 | Gauntlet | Found the +7 great mace "Firestarter" {inner flame, rF++}
 31221 | Gauntlet | Found a transporter.
 31226 | Gauntlet | Found a transporter.
 31230 | Gauntlet | Found a transporter.
 31253 | Gauntlet | Found a transporter.
 31280 | Gauntlet | Found a transporter.
 31280 | Gauntlet | Found a transporter.
 31286 | Gauntlet | Found a transporter.
 31401 | Gauntlet | Identified the amulet of Coid {Acrobat rN+ rCorr Stlth-}
 31459 | Gauntlet | Identified the +1 pair of boots "Lymmek" {rN++}
 31570 | Gauntlet | Identified the +11 dire flail of Crystal {spect, Will+
                  | Int+4}
 31570 | Gauntlet | Identified the +3 chain mail of Lifelessness {Rampage rElec
                  | rN+ Dex+4}
 31622 | Gauntlet | Identified the +0 kite shield of Ronocsung {+Blink Slay+2}
 31635 | Gauntlet | Got Eluruer's Papyrus of Dusty Snow
 31941 | D:14     | Reached skill level 16 in Earth Magic
 32553 | D:15     | Entered Level 15 of the Dungeon
 33351 | D:15     | Found a hide-covered altar of Uskayaw.
 34089 | D:15     | Found a staircase to the Depths.
 34537 | Orc:1    | Entered Level 1 of the Orcish Mines
 35619 | Orc:2    | Entered Level 2 of the Orcish Mines
 35619 | Orc:2    | Found a staircase to the Elven Halls.
 36254 | Orc:2    | Found a gateway to a bazaar.
 37399 | Orc:2    | Reached skill level 17 in Earth Magic
 37403 | Orc:2    | Found Jaelixeem's Distillery.
 37403 | Orc:2    | Found Fyseath's Magic Scroll Shop.
 37403 | Orc:2    | Found Saemm's Book Boutique.
 37826 | Orc:2    | Found Qacs's Magic Scroll Emporium.
 37830 | Orc:2    | Bought a potion of might for 44 gold pieces
 37830 | Orc:2    | Bought a potion of berserk rage for 55 gold pieces
 37830 | Orc:2    | Bought a potion of haste for 110 gold pieces
 37830 | Orc:2    | Bought a potion of haste for 110 gold pieces
 37831 | Orc:2    | Bought a scroll of magic mapping for 59 gold pieces
 37831 | Orc:2    | Bought a scroll of teleportation for 51 gold pieces
 37838 | Orc:2    | Bought a scroll of fog for 30 gold pieces
 37838 | Orc:2    | Bought a scroll of magic mapping for 52 gold pieces
 37838 | Orc:2    | Bought a scroll of summoning for 142 gold pieces
 37838 | Orc:2    | Bought a scroll of enchant armour for 112 gold pieces
 37838 | Orc:2    | Bought a scroll of teleportation for 45 gold pieces
 37838 | Orc:2    | Bought a scroll of fear for 52 gold pieces
 37838 | Orc:2    | Bought a scroll of teleportation for 45 gold pieces
 37843 | Orc:2    | Bought a book of Power for 714 gold pieces
 37906 | Orc:2    | Found a burning altar of Makhleb.
 38041 | Orc:2    | Learned a level 5 spell: Iskenderun's Battlesphere
 38072 | Bazaar   | Entered a bazaar
 38072 | Bazaar   | Found Haossao's General Store.
 38072 | Bazaar   | Found Dacw's Armour Shoppe.
 38072 | Bazaar   | Found Ritaegi's Assorted Antiques.
 38074 | Bazaar   | Found Tallol's Assorted Antiques.
 38085 | Bazaar   | Bought a scroll of teleportation for 90 gold pieces
 38088 | Bazaar   | Bought the +3 helmet "Putheca" {rN+ Will+} for 326 gold
                  | pieces
 38284 | Spider:1 | Entered Level 1 of the Spider Nest
 38498 | Lair:3   | Reached skill level 15 in Conjurations
 39074 | Lair:2   | Learned a level 4 spell: Sticky Flame
 39369 | Lair:3   | Reached skill level 1 in Summonings
 39621 | Spider:1 | Reached XP level 17. HP: 104/104 MP: 27/27
 40632 | Lair:3   | HP: 3/104 [jumping spider (12)]
 40638 | Lair:3   | HP: 2/156 [jumping spider (6)]
 40643 | Lair:3   | HP: 4/156 [jumping spider (3)]
 42860 | Temple   | Fell from the grace of Elyvilon
 42860 | Temple   | Became a worshipper of the Shining One
 43755 | Spider:1 | HP: 4/106 [pharaoh ant (23)]
 43767 | Spider:1 | Slain by a pharaoh ant

Illustrated notes

Levels and vault maps discovered:
D:1:      nicolae_arrival_washed_ashore, layout_loops_ring, nrook_loot_triangle,
          chequers_serial_rivers_room_b, minmay_vboxes
D:2:      layout_loops_ring, serial_forest, infiniplex_forest_clump_double,
          infiniplex_forest_corner_1, infiniplex_forest_side_room,
          infiniplex_forest_lined_ring, infiniplex_forest_lined_2,
          infiniplex_forest_lined_3, infiniplex_forest_clump_small,
          dreamdust_ecumenical_altar_statues, chequers_serial_rivers_large_a,
          kennysheep_generic_room_7
D:3:      layout_basic, minmay_misc_feat_x, uniq_robin
D:4:      layout_loops_ring, kennysheep_mini, gammafunk_ghost_cemetery,
          uniq_duvessa
D:5:      layout_loops_ring, minmay_temple_entry_gardened_gates,
          gammafunk_ghost_mausoleum, corexii_leaking_fountain
D:6:      layout_loops_corners, chequers_serial_rivers_small_3,
          minmay_misc_feat_enclosed, nicolae_lava_and_water,
          lexackson_kobold_supper
D:7:      layout_basic, biasface_ghost_orc_armoury, uniq_crazy_yiuf_cottage,
          uniq_prince_ribbit1, uniq_joseph
D:8:      kennysheep_spiral_hall, layout_loops_ring,
          minmay_overflow_temple_star_quad, hangedman_abyss_or_decor_slice
D:9:      layout_loops_ring, enter_bailey_5
D:10:     layout_layer_cave, grunt_lair_entry_orc_guard_hut
D:11:     layout_roguey, orc_0_dummy, chequers_decorated_corner
D:12:     minmay_roctagon, layout_loops_cross, uniq_rupert
D:13:     kennysheep_scales, layout_loops_corners, david_vaults_1, serial_shops,
          shop_fountains, st_stairs_13,
          nicolae_gozag_cash_rules_everything_around_me
D:14:     layout_grid_maze, special_room [special_room_mythical_zoo],
          roderic_lattice_a, gauntlet_entry_generic, uniq_frances
D:15:     grunt_enter_depths_snipers, layout_loops_ring,
          nicolae_uskayaw_murder_on_the_dancefloor
Temple:   regret_index_temple_mists
Lair:1:   layout_loops_ring, grunt_megastairs_4
Lair:2:   layout_concentric_octagons, shoals_dummy_entry,
          dreamdust_deal_with_the_devil, uniq_gastronok
Lair:3:   layout_roguey, spider_nest_entry_funnel_web, lemuel_fruit_fields,
          lemuel_fruit_tree
Lair:4:   layout_regular_city, tgw_fedhas, grunt_megastairs_3, uniq_josephine
Lair:5:   layout_cave_shapes, minmay_slime_entry_pillars,
          chequers_serial_rivers_small_a, beast_lair_carwin_8
Lair:6:   minmay_lair_end_frog_pond, layout_gridlike,
          nicolae_lair_grove_arrangements, uniq_snorg
Spider:1: layout_spider_delve
Spider:2: layout_spider_delve
Orc:1:    layout_caves
Orc:2:    st_orc_rangers, layout_caves, basic_altar, serial_shops,
          bzr_entry_islet, minmay_orc_temple_c

Skill      XL: |  1  2  3  4  5  6  7  8  9 10 11 12 13 14 15 16 17 |
---------------+----------------------------------------------------+-----
Conjurations   | 1 2 3 4 6 8 9 11 13 14 15 | 15.7
Earth Magic    | 4 5 6 8 9 10 11 13 14 15 17 | 17.8
Fighting       | 1 2 4 5 6 8 9 10 11 | 11.8
Dodging        | 2 3 5 |  5.0
Maces & Flails | 1 2 |  2.0
Stealth        | 3 4 5 |  5.0
Spellcasting   | 3 5 6 |  6.7
Invocations    | 1 3 11 12 13 14 | 14.6
Shields        | 1 9 10 11 12 | 12.0
Armour         | 1 2 5 6 7 |  7.3
Summonings     | 1 2 |  2.9
Transmutations | |  0.7

Action                   |  1- 3 |  4- 6 |  7- 9 | 10-12 | 13-15 | 16-18 || total
-------------------------+-------+-------+-------+-------+-------+-------++-------
Melee: Short sword       |    15 |       |       |       |       |       ||    15
       Mace              |     4 |    47 |       |       |       |       ||    51
       Punch             |     1 |       |     2 |       |       |       ||     3
       Dagger            |       |    36 |   116 |    16 |   607 |   284 ||  1059
       Morningstar       |       |       |       |       |       |   103 ||   103
Throw: Throwing net      |       |       |       |       |     1 |       ||     1
 Cast: Sandblast         |    36 |    41 |    27 |    75 |   240 |    83 ||   502
       Stone Arrow       |       |       |    75 |   113 |   533 |   520 ||  1241
       Iron Shot         |       |       |       |       |     3 |    56 ||    59
       Mephitic Cloud    |       |       |       |       |     1 |       ||     1
       Iskenderun's Batt |       |       |       |       |       |    13 ||    13
       Sticky Flame      |       |       |       |       |       |     2 ||     2
Invok: Heal Self         |       |       |       |       |     3 |     8 ||    11
       Heal Other        |       |       |       |       |     2 |     1 ||     3
       Purification      |       |       |       |       |       |     1 ||     1
       Divine Shield     |       |       |       |       |       |     2 ||     2
Evoke: Wand              |       |       |       |       |     1 |     4 ||     5
  Use: Scroll            |     2 |     3 |       |     8 |    16 |    11 ||    40
       Potion            |       |       |       |     6 |     1 |    11 ||    18
 Stab: Sleeping          |     1 |     3 |     2 |       |     2 |       ||     8
       Distracted        |       |     1 |     1 |       |     1 |       ||     3
       Invisible         |       |       |       |       |       |     1 ||     1
       Held in net/web   |       |       |       |       |       |     1 ||     1
Armor: Robe              |     9 |    50 |    78 |     6 |       |       ||   143
       Leather armour    |       |       |       |    29 |     8 |       ||    37
       Skin              |       |       |       |     2 |       |       ||     2
       Troll leather arm |       |       |       |       |   458 |   885 ||  1343
Dodge: Dodged            |    10 |    70 |   116 |    50 |   541 |   622 ||  1409
       Repelled          |       |       |     2 |     2 |     4 |     1 ||     9
Block: Buckler           |       |       |       |    18 |   279 |    23 ||   320
       Kite shield       |       |       |       |       |       |  1034 ||  1034
       Reflection        |       |       |       |       |       |    66 ||    66
